 Dungeon Crawl Stone Soup version 0.20.1-1-g8b1a95d (console) character file.

66 hilaritas the Shield-Bearer (level 4, 0/35 HPs)
             Began as a Formicid Fighter on Aug 21, 2017.
             Slain by a hobgoblin
             ... wielding a +0 club
             ... led by Robin
              (5 damage)
             ... on level 2 of the Dungeon.
             The game lasted 00:01:58 (1232 turns).

hilaritas the Shield-Bearer (Formicid Fighter)      Turns: 1232, Time: 00:01:59

Health: 0/35       AC:  6    Str: 26 (27) XL:     4   Next: 37%
Magic:  4/4        EV:  8    Int:  4 (7)  God:
Gold:   69         SH: 10    Dex:  8 (10) Spells: 3/3 levels left

rFire    . . .     SeeInvis +   a - +0 war axe
rCold    . . .     Gourm    .   c - +0 shield
rNeg     . . .     Faith    .   b - +0 scale mail
rPois    .         Spirit   .   (helmet unavailable)
rElec    .         Reflect  .   (no cloak)
rCorr    .         Harm     .   (no gloves)
MR       .....                  (no boots)
Stlth    ..........             (no amulet)
Regen    0.2/turn               (no ring)
MPRegen  0.1/turn               (no ring)

@: mighty
A: permanent stasis, dig shafts and tunnels, four strong arms, antennae 3
a: Dig, Shaft Self


You were on level 2 of the Dungeon.
You were not hungry.

You visited 1 branch of the dungeon, and saw 2 of its levels.

You collected 69 gold pieces.

Inventory:

Hand Weapons
 a - a +0 war axe (weapon)
Armour
 b - a +0 scale mail (worn)
 c - a +0 shield (worn)
Jewellery
 j - an uncursed ring of fire {unknown}
 p - an uncursed amulet of harm {unknown}
Scrolls
 e - a scroll of random uselessness {unknown}
 g - a scroll of blinking {unknown}
 h - a scroll of enchant weapon {unknown}
 n - a scroll of identify {unknown}
 q - a scroll of enchant armour {unknown}
Potions
 d - a potion of might
 i - a potion of degeneration
 o - a potion of flight {unknown}
Comestibles
 f - 3 bread rations
 k - a meat ration
 l - a royal jelly
 m - 2 chunks of flesh


   Skills:
 - Level 3.2 Fighting
 * Level 3.4 Axes
 - Level 3.2 Armour
 + Level 4.7 Shields


You had 3 spell levels left.
You didn't know any spells.

Dungeon Overview and Level Annotations

Branches:
Dungeon (2/15)

Altars:


Innate Abilities, Weirdness & Mutations

You cannot be hasted, slowed, berserked, paralysed or teleported.
You can dig through walls and to a lower floor.
Your four strong arms can wield two-handed weapons with a shield.
You have a pair of large antennae on your head. (SInv)


Message History

The hobgoblin hits you but does no damage. x2
You closely miss the hobgoblin.
The hobgoblin no longer looks unusually strong.
You block the hobgoblin's attack.
You barely miss the hobgoblin.
The hobgoblin hits you but does no damage.
You block the hobgoblin's attack.
You slice the hobgoblin!!
You kill the hobgoblin!
The hobgoblin barely misses you.
You closely miss the hobgoblin. The hobgoblin hits you.
* * * LOW HITPOINT WARNING * * *
You slash the hobgoblin!
You kill the hobgoblin!
You barely miss the goblin. The goblin hits you but does no damage.
The goblin closely misses you.
You slice the goblin!!
You kill the goblin!
The hobgoblin hits you with a club.
You die...

#.###........## ##.#
#.#
#####.###.###.######
#.# #.#
##.#.........
#.#######.#
##..########
#.........# ##.#
########### #.# #.#
#)# #@# #g#
#.)..g... ###.....[
...... ##... .. #


You could see a hobgoblin.

Vanquished Creatures
  Robin (D:2)
  An adder (D:2)
  An ooze (D:1)
  3 leopard geckos
  A giant cockroach (D:1)
  7 hobgoblins
  2 jackals (D:1)
  4 kobolds (D:1)
  A ball python (D:2)
  4 frilled lizards (D:1)
  9 goblins
  3 rats (D:1)
37 creatures vanquished.

Notes
Turn   | Place    | Note
-------+----------+-------------------------------------------
     0 | D:1      | hilaritas the Formicid Fighter began the quest for the Orb.
     0 | D:1      | Reached XP level 1. HP: 18/18 MP: 1/1
    46 | D:1      | Reached XP level 2. HP: 15/24 MP: 2/2
   214 | D:1      | Reached skill level 4 in Shields
   589 | D:1      | Reached XP level 3. HP: 29/29 MP: 3/3
  1201 | D:2      | Noticed Robin
  1208 | D:2      | Reached XP level 4. HP: 23/35 MP: 4/4
  1220 | D:2      | Killed Robin
  1232 | D:2      | Slain by a hobgoblin

Skill      XL: |  1  2  3 |
---------------+----------+-----
Shields        | 4 |  4.7
Axes           | 3 |  3.4
Fighting       | |  3.2
Armour         | |  3.2

Action                   |  1- 3 |  4- 6 || total
-------------------------+-------+-------++-------
Melee: War axe           |    69 |    22 ||    91
  Use: Potion            |       |     2 ||     2
  Eat: Chunk             |     1 |       ||     1
Armor: Scale mail        |    20 |     6 ||    26
Dodge: Dodged            |    24 |     8 ||    32
Block: Shield            |    31 |    12 ||    43
